 Dungeon Crawl Stone Soup version 0.22-a0-240-g539252a (webtiles) character file.

126 wolfsongas the Digger (level 5, 0/29 HPs)
             Began as a Gargoyle Earth Elementalist on Feb 22, 2018.
             Slain by brevous's ghost (1 damage)
             ... on level 3 of the Dungeon.
             The game lasted 00:08:18 (2921 turns).

wolfsongas the Digger (Gargoyle Earth Elementalist) Turns: 2921, Time: 00:08:19

Health: 0/29       AC:  6    Str: 12    XL:     5   Next: 9%
Magic:  6/10       EV: 12    Int: 20    God:
Gold:   180        SH:  0    Dex: 10    Spells: 7/10 levels left

rFire    . . .     SeeInvis .   a - +0 hunting sling (freeze)
rCold    . . .     Gourm    .   (no shield)
rNeg     + . .     Faith    .   c - +0 robe
rPois    ∞         Spirit   .   h - +0 hat
rElec    +         Reflect  .   (no cloak)
rCorr    .         Harm     .   (no gloves)
MR       .....                  (no boots)
Stlth    ++........             (no amulet)
HPRegen  0.09/turn              e - +4 ring of intelligence
MPRegen  0.12/turn              n - ring of flight

@: no status effects
A: horns 1, high mp 1, negative energy resistance 1, electricity resistance,
unbreathing, petrification resistance, rot immunity, AC +4
a: Evoke Flight


You were on level 3 of the Dungeon.
You were not hungry.

You visited 1 branch of the dungeon, and saw 3 of its levels.

You collected 180 gold pieces.

Inventory:

Hand Weapons
 a - a +0 hunting sling of freezing (weapon)
 b - a +1 short sword of electrocution
Missiles
 g - 18 sling bullets
 r - 134 stones (quivered)
Armour
 c - a +0 robe (worn)
 h - a +0 hat (worn)
 j - a +0 shield
Jewellery
 e - a +4 ring of intelligence (left hand)
 n - a ring of flight (right hand)
Scrolls
 f - 2 scrolls of teleportation
 l - 2 scrolls of remove curse
Potions
 k - a potion of agility
Comestibles
 d - 3 rations
 o - 2 chunks of flesh


   Skills:
 + Level 1.5 Fighting
 - Level 2.4 Dodging
 - Level 2.1 Stealth
 + Level 3.0 Spellcasting
 - Level 0.7 Transmutations
 + Level 5.0 Earth Magic


You had 7 spell levels left.
You knew the following spells:

 Your Spells              Type           Power        Failure   Level  Hunger
a - Sandblast             Erth           ###...       1%          1    None
b - Passwall              Tmut/Erth      ##........   7%          2    ##.....


Dungeon Overview and Level Annotations

Branches:
Dungeon (3/15)

Altars:
Fedhas
Hepliaklqana
Sif Muna
Yredelemnul

Annotations:
D:3 brevous's ghost, amateur DECj


Innate Abilities, Weirdness & Mutations

You are resistant to torment.
Your stone body is resilient. (AC +4)
You are immune to poison.
You resist negative energy. (rN+)
You are resistant to electric shocks. (rElec)
You can survive without breathing.
You are immune to petrification.
You are immune to rotting.
You have a pair of small horns on your head.
You have an increased reservoir of magic. (+10% MP)


Message History

Casting: Sandblast (safe; 1% risk of failure)
Confirm with . or Enter, or press ? or * to list all spells.
Aiming: Sandblast (safe; 1% risk of failure)
Press: ? - help, Shift-Dir - straight line, f/p - brevous's ghost
Aim: brevous's ghost (moderately damaged)
The blast of sand hits brevous's ghost.
Brevous's ghost is moderately damaged.
r - 135 stones Brevous's ghost gestures at you while chanting.
The spray of energy hits you!
* * * LOW HITPOINT WARNING * * *
You are too injured to fight recklessly!
You are too injured to fight recklessly!
Firing (i - inventory. (/) - cycle)
r - 135 stones (quivered)
Press: ? - help, Shift-Dir - straight line, f/p - brevous's ghost
Aim: brevous's ghost (moderately damaged)
You shoot a stone. The stone hits brevous's ghost.
Brevous's ghost is heavily damaged.
Brevous's ghost hits you.
You die...

.# #......#...#.### .#
#....###.#.....# .#
#..#.....#...### .#
###.##.#.####..# .#
#......#.####..#
######.##.....#>..#
.....#..#.#.#.#...#
..##.#.##.#...#...#
..........#..##.@.#
..##.######..###W.#** *****
..####** #..#,(.>..* *,,,*
..#,,,,* ####.##.#.#****,*,***
.##.#*,* *,..,,.#...,,,,*,,,*
<...#*,*****.#*,,..,..#****,*,*
....#,,,,,,..,,,,..,#.# *,***,*
....#,,***##,,*,,.##*.# *,,,,,*
..#.#,,*,*,,,,,,,,,**,* *,*****


You could see brevous's ghost.

Vanquished Creatures
  Jessica (D:3)
  Robin (D:3)
  2 adders
  2 dart slugs
  2 leopard geckos
  An orc (D:3)
  6 bats
  5 giant cockroaches
  15 goblins
  10 hobgoblins
  3 kobolds
  A ball python (D:1)
  3 frilled lizards
  6 rats
58 creatures vanquished.

Notes
Turn   | Place    | Note
-------+----------+-------------------------------------------
     0 | D:1      | wolfsongas the Gargoyle Earth Elementalist began the quest for the Orb.
     0 | D:1      | Reached XP level 1. HP: 10/10 MP: 3/3
   272 | D:1      | Reached XP level 2. HP: 15/15 MP: 1/5
   473 | D:1      | Reached skill level 4 in Earth Magic
   628 | D:1      | Reached XP level 3. HP: 13/19 MP: 2/6
   851 | D:1      | Gained mutation: Your natural rate of healing is unusually fast. [potion of mutation]
   851 | D:1      | Gained mutation: You have a pair of small horns on your head. [potion of mutation]
   851 | D:1      | Lost mutation: Your natural rate of healing is unusually fast. [potion of mutation]
   851 | D:1      | Gained mutation: You have an increased reservoir of magic. (+10% MP) [potion of mutation]
  1113 | D:2      | Learned a level 2 spell: Passwall
  2117 | D:3      | Noticed Jessica
  2121 | D:3      | Killed Jessica
  2121 | D:3      | Reached XP level 4. HP: 21/24 MP: 4/8
  2201 | D:3      | Found a blossoming altar of Fedhas.
  2201 | D:3      | Found a hazy altar of Hepliaklqana.
  2207 | D:3      | Found a basalt altar of Yredelemnul.
  2210 | D:3      | Found a faded altar of an unknown god.
  2212 | D:3      | Found a deep blue altar of Sif Muna.
  2275 | D:3      | Reached skill level 1 in Fighting
  2400 | D:3      | Noticed Robin
  2437 | D:3      | Killed Robin
  2767 | D:3      | Reached XP level 5. HP: 27/29 MP: 7/10
  2896 | D:3      | Reached skill level 5 in Earth Magic
  2913 | D:3      | Noticed brevous's ghost (amateur DECj)
  2920 | D:3      | HP: 1/29 [brevous's ghost/spray of energy (11)]
  2921 | D:3      | Slain by brevous's ghost

Vault maps used:
D:1:      minmay_arrival_stair_chambers
D:2:      minmay_tromino_i2
D:3:      chequers_temple_overflow_minitemple, first_ration, uniq_jessica,
          uniq_robin

Skill      XL: |  1  2  3  4  5 |
---------------+----------------+-----
Earth Magic    | 4 5 |  5.0
Dodging        | 2 |  2.4
Fighting       | 1 |  1.5
Spellcasting   | 3 |  3.0
Stealth        | |  2.1
Transmutations | |  0.7

Action                   |  1- 3 |  4- 6 || total
-------------------------+-------+-------++-------
Melee: Unarmed           |    24 |       ||    24
       Dagger            |   109 |    18 ||   127
       Headbutt          |     7 |     8 ||    15
       Short sword       |       |    15 ||    15
 Fire: Hunting sling     |       |    14 ||    14
 Cast: Sandblast         |    14 |    32 ||    46
       Passwall          |       |     1 ||     1
  Use: Scroll            |     4 |     5 ||     9
       Potion            |     1 |     4 ||     5
 Stab: Sleeping          |     5 |       ||     5
  Eat: Ration            |     2 |       ||     2
Armor: Robe              |    52 |    17 ||    69
Dodge: Dodged            |    96 |    59 ||   155

Table legend:
 A = Spawn XP
 B = Non-spawn XP
 C = Spawn XP percentage of total XP
 D = Spawn monster count
 E = Non-spawn monster count
 F = Spawn count percentage of total count
 G = Total turns spent on level
                    A         B        C        D         E        F      G
               +---------+---------+-------+---------+---------+-------+---------
         Total |       0 |     180 |   0.0 |       0 |      58 |   0.0 |  2921
               +---------+---------+-------+---------+---------+-------+---------
           D:1 |       0 |      34 |   0.0 |       0 |      18 |   0.0 |   874
           D:2 |       0 |      32 |   0.0 |       0 |       9 |   0.0 |  1223
           D:3 |       0 |     114 |   0.0 |       0 |      31 |   0.0 |   824
               +---------+---------+-------+---------+---------+-------+---------
